 Dungeon Crawl Stone Soup version 0.28-a0-662-g1651b1f1e0 (webtiles) character file.

Game seed: 8515171425178559292

60 siradein the Sneak (level 3, -6/30 HPs)
             Began as a Draconian Brigand on Oct 14, 2021.
             Splashed by a jelly's acid (10 damage)
             ... on level 2 of the Dungeon.
             The game lasted 00:02:21 (1496 turns).

siradein the Sneak (Draconian Brigand)              Turns: 1496, Time: 00:02:23

Health: -6/30      AC: -2    Str: 13    XL:     3   Next: 80%
Magic:  3/3        EV: 12    Int: 12    God:
Gold:   80         SH:  0    Dex: 12    Spells: 2/2 levels left

rFire   . . .      SeeInvis .   a - +2 dagger
rCold   . . .      Faith    .   (no shield)
rNeg    . . .      Spirit   .   (armour unavailable)
rPois   .          Reflect  .   (helmet restricted)
rElec   .          Harm     .   b - +0 cloak
rCorr   .          Rampage  .   (no gloves)
Will    .....                   (no boots)
Stlth   ++........              (no amulet)
HPRegen 0.10/turn               (no ring)
MPRegen 0.08/turn               (no ring)

@: corroded
A: AC +5, unfitting armour, cold-blooded
a: no special abilities


You were on level 2 of the Dungeon.
You visited 1 branch of the dungeon, and saw 3 of its levels.

You collected 80 gold pieces.

Inventory:

Hand Weapons
 a - a +2 dagger (weapon)
Missiles
 c - 8 poisoned darts (quivered)
 d - 2 curare-tipped darts
 f - 2 boomerangs
Armour
 b - a +0 cloak (worn)
Scrolls
 e - a scroll of teleportation {unknown}
 g - a scroll of blinking {unknown}
Potions
 h - a potion of brilliance {unknown}
 i - a potion of cancellation {unknown}
 j - 2 potions of ambrosia {unknown}


   Skills:
 + Level 2.9 Fighting
 + Level 2.6 Short Blades
 + Level 2.4 Throwing
 + Level 1.7 Dodging
 - Level 3.6 Stealth


You had 2 spell levels left.
You didn't know any spells.
Your spell library contained the following spells:

 Spells                   Type           Power      Damage    Failure   Level
 Frozen Ramparts          Ice            0%         1d2       69%         3
 Tukima's Dance           Hex            0%         N/A       69%         3
 Ice Form                 Ice/Tmut       0%         N/A       97%         4
 Passage of Golubria      Tloc           N/A        N/A       97%         4
 Summon Ice Beast         Ice/Summ       0%         N/A       97%         4
 Yara's Violent Unravell  Hex/Tmut       0%         3d3       100%        5


Dungeon Overview and Level Annotations

Branches:
Dungeon (3/15)

Altars:


Innate Abilities, Weirdness & Mutations

Your plain brown scales are hard. (AC +5)
You cannot fit into any form of body armour.
You are cold-blooded and may be slowed by cold attacks.


Message History

The hobgoblin is severely wounded.
The hobgoblin closely misses you.
You hit the hobgoblin.
You kill the hobgoblin!
You hit the jelly.
Your hands burn!
The jelly is lightly wounded.
You hit the jelly but do no damage.
Your hands burn!
The jelly is lightly wounded.
The jelly hits you.
You are splashed with acid.
You completely miss the jelly.
The jelly is lightly wounded.
The jelly hits you but does no damage.
You hit the jelly.
Your hands burn!
You tail-slap the jelly.
The jelly is moderately wounded.
The jelly closely misses you.
You are too injured to fight recklessly!
You are too injured to fight recklessly!
You are too injured to fight recklessly!
The jelly hits you but does no damage. The jelly misses you.
The jelly hits you but does no damage. The jelly hits you but does no damage.
You hit the jelly. The acid corrodes you!
Your hands burn!
The jelly is heavily wounded.
You hit the jelly.
Your hands burn!
You tail-slap the jelly.
The jelly is severely wounded.
The jelly misses you.
You hit the jelly but do no damage.
Your hands burn!
The jelly is severely wounded.
The jelly hits you but does no damage.
You hit the jelly but do no damage.
Your hands burn!
The jelly is severely wounded.
The jelly hits you but does no damage.
You hit the jelly but do no damage. The acid corrodes you!
Your hands burn!
* * * LOW HITPOINT WARNING * * *
The jelly is severely wounded.
The jelly hits you.
* * * LOW HITPOINT WARNING * * *
You are splashed with acid!
You die...

#...r..#
#.###### #r#
#.# ###.#
#...# #.###
##########.#
#....@Jr...#
#.############
#.# #.....#
#)######.###.#
#.....##.# #.#
#####.##.# #.#
#####.<#....#
#.#
#..........##
#.#
#..........#
#.#


You could see a jelly and a rat.

Vanquished Creatures
  2 adders (D:3)
  A dart slug (D:1)
  2 orcs (D:3)
  5 endoplasms
  A giant cockroach (D:1)
  3 goblins (D:1)
  5 hobgoblins
  2 quokkas (D:2)
  2 ball pythons (D:3)
  3 bats
  3 frilled lizards
  4 kobolds
  3 rats
36 creatures vanquished.

Notes
Turn   | Place    | Note
-------+----------+-------------------------------------------
     0 | D:1      | siradein the Draconian Brigand began the quest for the Orb.
     0 | D:1      | Reached XP level 1. HP: 17/17 MP: 1/1
    49 | D:1      | Reached skill level 1 in Dodging
   177 | D:1      | Reached XP level 2. HP: 25/25 MP: 2/2
   467 | D:1      | Found a faded altar of an unknown god.
   652 | D:2      | You fall into a shaft and drop 1 floor!
   666 | D:3      | Reached XP level 3. HP: 21/30 MP: 3/3
  1496 | D:2      | Splashed by a jelly's acid

Illustrated notes

Levels and vault maps discovered:
D:1:      minmay_arrival_stair_chambers, layout_rooms,
          dreamdust_ecumenical_altar_angels_and_demons
D:2:      layout_basic, basic_altar, minmay_misc_feat_plants,
          minmay_snake_closets
D:3:      layout_rooms

Skill      XL: |  1 |
---------------+----+-----
Dodging        | 1 |  1.7
Throwing       | 2 |  2.4
Fighting       | |  2.9
Short Blades   | |  2.6
Stealth        | |  3.6

Action                   || total
-------------------------++-------
Melee: Dagger            ||   125
       Tailslap          ||    10
 Stab: Sleeping          ||     4
Armor: Skin              ||    45
Dodge: Dodged            ||    67

Table legend: (Time is in decaauts)
 A = Elapsed time spent in this place.
 B = Non-inter-level travel time spent in this place.
 C = Inter-level travel time spent in this place.
 D = Time resting spent in this place.
 E = Time spent auto-exploring this place.
 F = Levels seen in this place.
 G = Mean time per level.
                   A        B        C        D        E       F      G
               +--------+--------+--------+--------+--------+-----+--------+
         Total |   1482 |   1473 |      9 |      0 |   1165 |   3 |  494.0 |
       Dungeon |   1482 |   1473 |      9 |      0 |   1165 |   3 |  494.0 |
               +--------+--------+--------+--------+--------+-----+--------+

Top non-repeatable levels by time:
     D:1: 633 daAuts
     D:3: 529 daAuts
     D:2: 319 daAuts
